[ AOE2 MATCH · #506241558 ]
UnrankedMongols vs Khmer
Player's team · WIN
Rival team · LOSS
[ REPLAY ANALYSIS · EXTRACTED FROM THE RECORDED GAME ]
Feudal
11:37
Castle
22:46
Imperial
—
| APM avg | 66.9 |
| APM peak | 100 |
| eAPM avg | 26.3 |
| Villagers / military | 118 / 121 |
Focus
⚔️ 51.2% · 🌾 48.8%
Cavalry Archer ×36 · Skirmisher ×33 · Archer ×22 · Mangonel ×10 · Knight ×9 · Militia ×5
Feudal
8:27
Castle
23:03
Imperial
—
| APM avg | 69.1 |
| APM peak | 110 |
| eAPM avg | 31.0 |
| Villagers / military | 112 / 93 |
Focus
⚔️ 48.3% · 🌾 51.7%
Archer ×30 · Skirmisher ×28 · Knight ×25 · Scorpion ×6 · Mangonel ×4
Match map
Initial resources + every placement click. Lines = walls · curves = elevation contours. ◆ gold · ⬟ stone · ● berries · ✦ relic · ◌ wall gap
Your base· Open — unwalled flank
bruh's base· Open — 6t gap
Smoothed initial terrain · ◌ = detected wall gap · hover for details
Inputs per minute
— DS_Biry - - bruh
Build order — DS_Biry
First 150 of 372 actions detected
| 0:00 | Create | Villager (Male) |
| 0:00 | Create | Villager (Male) |
| 0:01 | Create | Villager (Male) |
| 0:01 | Create | Villager (Male) |
| 0:01 | Create | Villager (Male) |
| 0:02 | Build | House |
| 0:03 | Build | House |
| 1:29 | Create | Villager (Male) |
| 2:01 | Create | Villager (Male) |
| 2:01 | Create | Villager (Male) |
| 2:22 | Create | Villager (Male) |
| 2:22 | Create | Villager (Male) |
| 2:35 | Create | Villager (Male) |
| 2:52 | Build | Barracks |
| 3:00 | Build | Palisade Wall |
| 3:04 | Create | Villager (Male) |
| 3:04 | Create | Villager (Male) |
| 3:31 | Build | House |
| 3:37 | Create | Villager (Male) |
| 3:37 | Create | Villager (Male) |
| 3:45 | Create | Militia |
| 3:50 | Build | House |
| 4:09 | Create | Militia |
| 4:10 | Create | Villager (Male) |
| 4:24 | Create | Militia |
| 4:32 | Create | Villager (Male) |
| 4:48 | Build | House |
| 4:54 | Create | Militia |
| 4:54 | Create | Villager (Male) |
| 5:12 | Create | Villager (Male) |
| 5:37 | Create | Villager (Male) |
| 5:49 | Build | Mill |
| 6:08 | Create | Villager (Male) |
| 6:30 | Create | Militia |
| 6:32 | Create | Villager (Male) |
| 6:32 | Create | Villager (Male) |
| 6:53 | Create | Villager (Male) |
| 7:02 | Build | Farm |
| 7:08 | Build | Farm |
| 7:17 | Create | Villager (Male) |
| 7:29 | Build | Lumber Camp |
| 7:40 | Build | Palisade Wall |
| 7:42 | Create | Villager (Male) |
| 7:49 | Build | Palisade Wall |
| 7:49 | Build | Palisade Wall |
| 8:02 | Build | House |
| 8:07 | Build | Palisade Wall |
| 8:10 | Build | Palisade Wall |
| 8:12 | Build | House |
| 8:19 | Create | Villager (Male) |
| 8:38 | Create | Villager (Male) |
| 8:49 | Build | Palisade Wall |
| 8:50 | Build | Palisade Wall |
| 8:54 | Build | Palisade Wall |
| 9:27 | Research | Feudal Age |
| 9:48 | Build | Mill |
| 9:59 | Build | Mining Camp |
| 10:16 | Research | Loom |
| 10:34 | Build | Palisade Wall |
| 11:15 | Build | Farm |
| 11:35 | Create | Villager (Male) |
| 11:37 | Age | Feudal Age |
| 11:39 | Build | Archery Range |
| 11:42 | Research | Man-at-Arms (upgrade) |
| 11:48 | Build | Farm |
| 12:11 | Create | Villager (Male) |
| 12:21 | Build | Blacksmith |
| 12:21 | Create | Archer |
| 12:21 | Create | Archer |
| 12:37 | Create | Villager (Male) |
| 12:43 | Create | Archer |
| 12:46 | Create | Spearman |
| 12:51 | Build | House |
| 12:55 | Create | Archer |
| 12:56 | Create | Villager (Male) |
| 13:00 | Build | Farm |
| 13:04 | Create | Archer |
| 13:07 | Research | Fletching |
| 13:07 | Research | Fletching |
| 13:10 | Create | Archer |
| 13:20 | Build | Palisade Wall |
| 13:25 | Create | Villager (Male) |
| 13:25 | Create | Villager (Male) |
| 13:26 | Create | Archer |
| 13:31 | Build | Farm |
| 13:36 | Create | Archer |
| 13:47 | Create | Villager (Male) |
| 13:49 | Create | Archer |
| 13:56 | Build | Palisade Wall |
| 14:02 | Create | Villager (Male) |
| 14:04 | Build | Farm |
| 14:26 | Build | House |
| 14:28 | Research | Padded Archer Armor |
| 14:29 | Create | Archer |
| 14:35 | Create | Archer |
| 14:43 | Create | Archer |
| 14:48 | Create | Villager (Male) |
| 14:48 | Create | Villager (Male) |
| 14:52 | Create | Archer |
| 15:08 | Create | Villager (Male) |
| 15:09 | Build | Farm |
| 15:13 | Build | Palisade Wall |
| 15:26 | Create | Archer |
| 15:27 | Create | Villager (Male) |
| 15:29 | Build | House |
| 15:37 | Build | Farm |
| 15:40 | Build | Palisade Wall |
| 15:52 | Create | Villager (Male) |
| 16:13 | Create | Archer |
| 16:14 | Create | Villager (Male) |
| 16:15 | Build | House |
| 16:18 | Build | House |
| 16:23 | Create | Villager (Male) |
| 16:24 | Build | Farm |
| 16:25 | Build | Farm |
| 17:04 | Create | Villager (Male) |
| 17:20 | Create | Villager (Male) |
| 17:21 | Build | Farm |
| 17:22 | Build | Farm |
| 17:33 | Create | Villager (Male) |
| 17:40 | Build | Market |
| 17:41 | Build | Palisade Wall |
| 17:53 | Create | Villager (Male) |
| 17:58 | Create | Archer |
| 18:18 | Build | Lumber Camp |
| 18:25 | Create | Skirmisher |
| 18:58 | Create | Villager (Male) |
| 19:20 | Create | Villager (Male) |
| 19:21 | Create | Archer |
| 19:22 | Build | Archery Range |
| 20:06 | Research | Castle Age |
| 20:21 | Create | Archer |
| 20:21 | Create | Archer |
| 20:21 | Create | Archer |
| 20:27 | Build | Farm |
| 20:32 | Build | Farm |
| 20:42 | Build | Stable |
| 20:43 | Create | Archer |
| 20:43 | Create | Archer |
| 20:52 | Build | Farm |
| 20:52 | Build | Farm |
| 20:53 | Build | Farm |
| 20:53 | Build | Farm |
| 20:55 | Build | Farm |
| 21:04 | Build | Farm |
| 21:25 | Create | Scout Cavalry |
| 21:42 | Research | Gold Mining |
| 21:44 | Create | Villager (Male) |
| 21:48 | Build | Farm |
| 21:49 | Build | Farm |
Build order — bruh
First 150 of 338 actions detected
| 0:00 | Create | Villager (Male) |
| 0:00 | Create | Villager (Male) |
| 0:00 | Create | Villager (Male) |
| 0:01 | Build | House |
| 0:02 | Build | House |
| 0:20 | Create | Villager (Male) |
| 1:26 | Create | Villager (Male) |
| 2:04 | Create | Villager (Male) |
| 2:18 | Create | Villager (Male) |
| 2:47 | Create | Villager (Male) |
| 3:01 | Build | Lumber Camp |
| 3:11 | Create | Villager (Male) |
| 3:22 | Create | Villager (Male) |
| 3:51 | Build | House |
| 3:55 | Create | Villager (Male) |
| 4:04 | Create | Villager (Male) |
| 4:10 | Create | Villager (Male) |
| 4:36 | Create | Villager (Male) |
| 5:12 | Research | Loom |
| 5:50 | Build | Palisade Wall |
| 5:51 | Build | Palisade Wall |
| 6:17 | Research | Feudal Age |
| 7:19 | Build | Mining Camp |
| 7:20 | Build | Palisade Wall |
| 7:23 | Build | Palisade Wall |
| 7:41 | Build | Palisade Wall |
| 7:45 | Build | Palisade Wall |
| 7:46 | Build | Palisade Wall |
| 8:27 | Age | Feudal Age |
| 8:30 | Create | Villager (Male) |
| 8:43 | Build | Archery Range |
| 8:44 | Create | Villager (Male) |
| 9:02 | Create | Villager (Male) |
| 9:17 | Research | Double-Bit Axe |
| 9:22 | Build | House |
| 9:43 | Create | Archer |
| 9:51 | Build | Palisade Gate |
| 10:05 | Create | Villager (Male) |
| 10:09 | Build | Mill |
| 10:48 | Build | Farm |
| 10:50 | Build | Farm |
| 10:57 | Build | House |
| 11:05 | Create | Villager (Male) |
| 11:13 | Create | Archer |
| 11:29 | Create | Villager (Male) |
| 11:32 | Build | House |
| 11:56 | Create | Archer |
| 12:01 | Build | House |
| 12:02 | Build | House |
| 12:09 | Create | Villager (Male) |
| 12:10 | Create | Villager (Male) |
| 12:14 | Build | Farm |
| 12:21 | Create | Archer |
| 12:22 | Create | Villager (Male) |
| 12:45 | Build | Farm |
| 12:51 | Create | Villager (Male) |
| 12:52 | Build | House |
| 13:07 | Build | Palisade Wall |
| 13:09 | Build | Palisade Wall |
| 13:15 | Create | Archer |
| 13:16 | Create | Villager (Male) |
| 13:20 | Build | House |
| 13:24 | Build | House |
| 13:25 | Build | House |
| 13:28 | Build | Palisade Wall |
| 13:33 | Create | Villager (Male) |
| 13:48 | Build | Farm |
| 14:01 | Build | Palisade Wall |
| 14:12 | Build | Farm |
| 14:25 | Build | Palisade Wall |
| 14:28 | Create | Villager (Male) |
| 14:41 | Create | Villager (Male) |
| 14:44 | Build | Palisade Wall |
| 14:45 | Build | Palisade Wall |
| 14:48 | Build | Palisade Wall |
| 14:51 | Create | Archer |
| 14:53 | Build | Palisade Wall |
| 14:54 | Build | Palisade Wall |
| 15:03 | Create | Villager (Male) |
| 15:07 | Build | Palisade Wall |
| 15:10 | Build | House |
| 15:16 | Create | Archer |
| 15:20 | Build | Palisade Wall |
| 15:44 | Build | Palisade Wall |
| 15:46 | Create | Villager (Male) |
| 15:56 | Build | Blacksmith |
| 16:11 | Create | Villager (Male) |
| 16:13 | Create | Archer |
| 16:16 | Build | House |
| 16:20 | Research | Fletching |
| 16:45 | Create | Villager (Male) |
| 16:47 | Create | Skirmisher |
| 17:17 | Create | Villager (Male) |
| 17:19 | Create | Skirmisher |
| 17:19 | Create | Skirmisher |
| 17:23 | Build | Mining Camp |
| 17:29 | Build | Market |
| 17:36 | Create | Skirmisher |
| 17:40 | Build | Farm |
| 17:42 | Create | Villager (Male) |
| 17:44 | Build | Farm |
| 18:12 | Create | Villager (Male) |
| 18:17 | Build | Mining Camp |
| 18:26 | Create | Villager (Male) |
| 18:42 | Build | Palisade Wall |
| 18:48 | Build | House |
| 18:49 | Create | Villager (Male) |
| 18:51 | Create | Skirmisher |
| 18:53 | Build | Farm |
| 18:54 | Build | Farm |
| 18:57 | Create | Villager (Male) |
| 19:17 | Create | Archer |
| 19:42 | Create | Villager (Male) |
| 20:01 | Create | Villager (Male) |
| 20:23 | Research | Castle Age |
| 20:32 | Build | Palisade Wall |
| 20:38 | Build | House |
| 20:43 | Build | Farm |
| 20:43 | Build | Farm |
| 20:45 | Build | Farm |
| 20:48 | Build | Farm |
| 20:53 | Create | Archer |
| 20:58 | Build | House |
| 21:11 | Build | House |
| 21:18 | Create | Archer |
| 21:37 | Build | Archery Range |
| 21:41 | Research | Padded Archer Armor |
| 21:45 | Create | Archer |
| 21:50 | Build | Farm |
| 22:01 | Build | House |
| 22:14 | Create | Archer |
| 22:19 | Create | Archer |
| 22:19 | Create | Archer |
| 22:23 | Research | Gold Mining |
| 23:03 | Age | Castle Age |
| 23:07 | Research | Bodkin Arrow |
| 23:08 | Research | Crossbowman (upgrade) |
| 23:11 | Build | Siege Workshop |
| 23:16 | Build | House |
| 23:26 | Create | Villager (Male) |
| 23:28 | Create | Archer |
| 23:38 | Create | Scorpion |
| 23:50 | Create | Villager (Male) |
| 24:02 | Create | Villager (Male) |
| 24:03 | Build | Lumber Camp |
| 24:06 | Create | Archer |
| 24:07 | Create | Archer |
| 24:24 | Create | Scorpion |
| 24:33 | Create | Villager (Male) |
| 24:42 | Build | Lumber Camp |
Match timeline
| 2:52 | DS_Biry · first_building Barracks |
| 3:00 | DS_Biry · wall_segment Palisade Wall x1 |
| 5:50 | bruh · wall_segment Palisade Wall x1 |
| 5:51 | bruh · wall_segment Palisade Wall x1 |
| 7:20 | bruh · wall_segment Palisade Wall x1 |
| 7:23 | bruh · wall_segment Palisade Wall x1 |
| 7:40 | DS_Biry · wall_segment Palisade Wall x1 |
| 7:41 | bruh · wall_segment Palisade Wall x1 |
| 7:45 | bruh · wall_segment Palisade Wall x1 |
| 7:46 | bruh · wall_segment Palisade Wall x1 |
| 7:49 | DS_Biry · wall_segment Palisade Wall x1 |
| 7:49 | DS_Biry · wall_segment Palisade Wall x1 |
| 8:07 | DS_Biry · wall_segment Palisade Wall x1 |
| 8:10 | DS_Biry · wall_segment Palisade Wall x1 |
| 8:27 | bruh · age_up feudal |
| 8:43 | bruh · first_building Archery Range |
| 8:49 | DS_Biry · wall_segment Palisade Wall x1 |
| 8:50 | DS_Biry · wall_segment Palisade Wall x1 |
| 8:54 | DS_Biry · wall_segment Palisade Wall x1 |
| 10:34 | DS_Biry · wall_segment Palisade Wall x1 |
| 11:37 | DS_Biry · age_up feudal |
| 11:39 | DS_Biry · first_building Archery Range |
| 13:07 | bruh · wall_segment Palisade Wall x7 |
| 13:09 | bruh · wall_segment Palisade Wall x6 |
| 13:20 | DS_Biry · wall_segment Palisade Wall x10 |
| 13:28 | bruh · wall_segment Palisade Wall x1 |
| 13:56 | DS_Biry · wall_segment Palisade Wall x2 |
| 14:01 | bruh · wall_segment Palisade Wall x2 |
| 14:25 | bruh · wall_segment Palisade Wall x3 |
| 14:44 | bruh · wall_segment Palisade Wall x1 |
| 14:45 | bruh · wall_segment Palisade Wall x1 |
| 14:48 | bruh · wall_segment Palisade Wall x1 |
| 14:53 | bruh · wall_segment Palisade Wall x1 |
| 14:54 | bruh · wall_segment Palisade Wall x12 |
| 15:07 | bruh · wall_segment Palisade Wall x5 |
| 15:13 | DS_Biry · wall_segment Palisade Wall x4 |
| 15:20 | bruh · wall_segment Palisade Wall x1 |
| 15:40 | DS_Biry · wall_segment Palisade Wall x8 |
| 15:44 | bruh · wall_segment Palisade Wall x5 |
| 17:41 | DS_Biry · wall_segment Palisade Wall x1 |
| 18:30 | bruh · first_market_sell 100 stone |
| 18:42 | bruh · wall_segment Palisade Wall x1 |
| 20:02 | bruh · first_market_buy 100 food |
| 20:03 | DS_Biry · first_market_buy 100 food |
| 20:32 | bruh · wall_segment Palisade Wall x1 |
| 20:42 | DS_Biry · first_building Stable |
| 22:46 | DS_Biry · age_up castle |
| 22:51 | DS_Biry · first_market_sell 100 stone |
| 23:03 | bruh · age_up castle |
| 23:11 | bruh · first_building Siege Workshop |
| 23:15 | DS_Biry · first_building Siege Workshop |
| 26:05 | DS_Biry · wall_segment Palisade Wall x3 |
| 29:33 | bruh · first_building Stable |
| 34:58 | DS_Biry · first_building Monastery |
| 39:47 | DS_Biry · first_building Castle |
| 42:16 | bruh · resign |
[ AI ANALYSIS · 1 CREDIT ]
What really happened in this match?
Wolo.gg analyzes every decision: build order, eco, micro, common mistakes by bracket. Personalized analysis on WhatsApp or Discord in 30 seconds.
Civ guide
Mongols
Perfil
Biry (DS_Biry)